 Dungeon Crawl Stone Soup version 0.30-a0-626-gd6a5dd7a1f (webtiles) character file.

Game seed: 17458545362071296830

9 drugrobin the Sneak (level 1, 0/18 HPs)
             Began as a Demigod Delver on Jan 11, 2023.
             Succumbed to an adder's poison
             ... on level 5 of the Dungeon.
             The game lasted 00:01:04 (161 turns).

drugrobin the Sneak (Demigod Delver)                 Turns: 161, Time: 00:01:05

Health: 0/18       AC:  3    Str: 13    XL:     1   Next: 86%
Magic:  3/3        EV: 11    Int: 12    God:
Gold:   37         SH:  3    Dex: 15    Spells: 0/0 levels left

rFire   . . .      SeeInvis .      - Unarmed
rCold   . . .      Faith    .    h - +0 buckler
rNeg    . . .      Spirit   .    a - +0 leather armour
rPois   .          Reflect  .    (no helmet)
rElec   .          Harm     .    (no cloak)
rCorr   .          Rampage  .    (no gloves)
Will    .....                    (no boots)
Stlth   +++                      (no amulet)
HPRegen 0.23/turn                (no ring)
MPRegen 0.08/turn                (no ring)

@: lethally poisoned (0 -> -2)
A: high MP 1, forlorn, divine attributes
a: no special abilities


You were on level 5 of the Dungeon.
You visited 1 branch of the dungeon, and saw 1 of its levels.

You collected 37 gold pieces.

Inventory:

Hand Weapons
 j - a +0 quarterstaff
Missiles
 k - 8 stones (quivered)
Armour
 a - a +0 leather armour (worn)
 h - a +0 buckler (worn)
 l - a +0 ring mail
Wands
 f - a wand of digging (3)
Scrolls
 b - a scroll of fog
 d - a scroll of fear
 g - a scroll of brand weapon {unknown}
 i - a scroll of enchant armour {unknown}
Potions
 e - a potion of haste


   Skills:
 + Level 2.8 Fighting
 + Level 2.0 Dodging
 + Level 4.6 Stealth
 + Level 2.0 Unarmed Combat


You couldn't memorise any spells.
You didn't know any spells.
Your spell library was empty.

Dungeon Overview and Level Annotations

Branches:
Dungeon (5/15)
 Temple: D:4-7

Annotations:
D:5 exclusion: scorpion


Innate Abilities, Weirdness & Mutations

You have an increased reservoir of magic. (+10% MP)
You shall have no god before yourself.
Your divine heritage dramatically boosts your attributes as you level up.


Message History

You feel sick. The adder misses you.
You miss the adder.
The adder is moderately wounded.
You feel sick. The adder bites you. The adder closely misses you.
You hit the adder.
The adder is severely wounded.
You feel sick. The adder closely misses you.
You hit the adder.
The adder is almost dead.
You feel sick. The adder barely misses you.
You barely miss the adder.
The adder is almost dead.
You feel sick.
You are no longer poisoned.
The adder closely misses you. The adder barely misses you.
You closely miss the adder.
The adder is almost dead.
You block the adder's attack.
You hit the adder but do no damage.
The adder is almost dead.
The adder barely misses you. The adder bites you.
* * * LOW HITPOINT WARNING * * *
You are lethally poisoned!
The adder poisons you!
You hit the adder.
You kill the adder!
* * * LOW HITPOINT WARNING * * *
You feel sick.
Your Dodging skill increases to level 2!
Your Unarmed Combat skill increases to level 2!
Unknown command.
Unknown command.
Okay, then.
As you read the scroll labelled NOWNIW MOLE, it crumbles to dust.
Wisps of shadow whirl around you...
It was a scroll of summoning.
* * * LOW HITPOINT WARNING * * *
You feel sick.
Unknown command.
Unknown command.
You die...

#### #.# *,,,*,*~~~~~~~ # #.#####
*,*,,,,,~~~~~, # #.....#
*,,,**,,*,,,*, ## #####.#
**,****,,,,,,, .## #.#
*###*,,,,,,,,,**, ..## ### #.#
*..,_,,,,,**,**,, ...## ##.###.#
*w#**,*,*<**,*,,,
....####...##.###.###...,,**,,,,,
....'...........@J......,,,,,,,,,
....####......###o###...,,**,,,,,
...## #<###..# *o# *,,,,,,,,*,,,
..## #.# #..# *.#******,*****,,
.## #.###.## *..,,,,,,,** **, ##
#.....# *##*****,,,** ** *
###.### *,,,,,,* * * #.# *,*,,,**
* ## #.# *,**,** ****


You could see a friendly jelly (summoned), a friendly dart slug (summoned) and 2
friendly orcs.

Vanquished Creatures
  An adder (D:5)
1 creature vanquished.

Notes
Turn   | Place    | Note
-------+----------+-------------------------------------------
     0 | D:5      | drugrobin the Demigod Delver began the quest for the Orb.
     0 | D:5      | Reached XP level 1. HP: 18/18 MP: 3/3
    16 | D:5      | Noticed a scorpion
   161 | D:5      | Succumbed to an adder's poison

Illustrated notes

Levels and vault maps discovered:
D:5:      layout_loops_corners, trog_three_pillars_becter,
          overflow_temple_1_default, cheibrodos_sewer_entry_drain, serial_shops,
          nicolae_shop_trees, guppyfry_early_lair_pool, uniq_pikel,
          uniq_eustachio, uniq_duvessa, uniq_menkaure, uniq_blork_the_orc

Skill      XL: |  1 |
---------------+----+-----
Dodging        | 2 |  2.0
Unarmed Combat | 2 |  2.0
Fighting       | |  2.8
Stealth        | |  4.6

Action                   || total
-------------------------++-------
Melee: Unarmed           ||    15
  Use: Scroll            ||     2
Armor: Leather armour    ||     2
Dodge: Dodged            ||    10
Block: Buckler           ||     1

Table legend: (Time is in decaauts)
 A = Elapsed time spent in this place.
 B = Non-inter-level travel time spent in this place.
 C = Inter-level travel time spent in this place.
 D = Time resting spent in this place.
 E = Time spent auto-exploring this place.
 F = Levels seen in this place.
 G = Mean time per level.
                   A        B        C        D        E       F      G
               +--------+--------+--------+--------+--------+-----+--------+
         Total |    161 |    161 |      0 |      0 |      0 |   1 |  161.0 |
       Dungeon |    161 |    161 |      0 |      0 |      0 |   1 |  161.0 |
               +--------+--------+--------+--------+--------+-----+--------+

Top non-repeatable levels by time:
     D:5: 161 daAuts
